 Dungeon Crawl Stone Soup version 0.20-a0-1015-g2ec8a95 (webtiles) character file.

427 Gorglomux the Magician (level 6, -4/41 HPs)
             Began as a Mummy Necromancer on Apr 15, 2017.
             Slain by a gnoll
             ... wielding a +0 flail
              (15 damage)
             ... on level 4 of the Dungeon.
             The game lasted 00:07:52 (3265 turns).

Gorglomux the Magician (Mummy Necromancer)          Turns: 3265, Time: 00:07:53

Health: -4/41      AC:  4    Str: 11    XL:     6   Next: 65%
Magic:  1/15       EV: 12    Int: 14    God:
Gold:   201        SH:  0    Dex: 10    Spells: 7/17 levels left

rFire    x . .     SeeInvis .   k - +1 short sword (venom)
rCold    + . .     Gourm    .   (no shield)
rNeg     + + +     Faith    .   a - +0 robe
rPois    ∞         Spirit   .   h - +0 helmet (curse)
rElec    .         Reflect  .   (no cloak)
rCorr    .         Harm     .   V - +0 pair of gloves
MR       .....                  (no boots)
Stlth    ++........             (no amulet)
Regen    0.2/turn               e - -2 ring of dexterity (curse)
MPRegen  0.2/turn               n - -3 ring of intelligence (curse)

@: no status effects
A: no food or potions, fire vulnerability, cold resistance 1, negative energy
resistance 3, torment resistance, unbreathing
a: no special abilities


You were on level 4 of the Dungeon.
You were not hungry.

You visited 1 branch of the dungeon, and saw 4 of its levels.

You collected 201 gold pieces.

Inventory:

Hand Weapons
 k - a +1 short sword of venom (weapon)
Missiles
 i - 3 javelins (quivered)
Armour
 a - a +0 robe (worn)
 h - a cursed +0 helmet (worn)
 V - a +0 pair of gloves (worn)
Jewellery
 e - a cursed -2 ring of dexterity (left hand)
 n - a cursed -3 ring of intelligence (right hand)
Wands
 L - a wand of lightning (1/15)
Scrolls
 c - a scroll of enchant armour
 l - a scroll of fear
 T - 2 scrolls of teleportation
 W - a scroll of recharging
 Y - a scroll of amnesia
 Z - a scroll of enchant weapon
Books
 X - a book of Changes

   Spells                             Type                      Level
   a - Beastly Appendage              Transmutation                1
   b - Sticks to Snakes               Transmutation                2
   c - Spider Form                    Transmutation/Poison         3
   d - Ice Form                       Ice/Transmutation            4
   e - Blade Hands                    Transmutation                5


   Skills:
 - Level 1.5 Dodging
 - Level 1.5 Stealth
 + Level 6.4 Spellcasting
 + Level 6.3 Necromancy


You had 7 spell levels left.
You knew the following spells:

 Your Spells              Type           Power        Failure   Level  Hunger
a - Pain                  Necr           ###.         1%          1    N/A
b - Animate Skeleton      Necr           N/A          1%          1    N/A
E - Animate Dead          Necr           N/A          14%         4    N/A
U - Control Undead        Necr           ###.......   14%         4    N/A

Dungeon Overview and Level Annotations

Branches:
Dungeon (4/15)
 Temple: D:4-7

Altars:
Cheibriados


Innate Abilities, Weirdness & Mutations

You do not eat or drink.
Your flesh is vulnerable to fire.
You are immune to poison.
Your flesh is cold resistant. (rC+)
You are immune to negative energy. (rN+++)
You are immune to unholy pain and torment.
You can survive without breathing.


Message History

The gnoll barely resists.
The gnoll closely misses you.
Casting: Pain
Confirm with . or Enter, or press ? or * to list all spells.
Aiming: Pain
Press: ? - help, Shift-Dir - straight line, f/p - gnoll
Aim: a gnoll, wielding a club (almost dead, chance to defeat MR: 87%)
The gnoll barely resists.
The gnoll hits you with a club!
* * * LOW HITPOINT WARNING * * *
Casting: Pain
Confirm with . or Enter, or press ? or * to list all spells.
Aiming: Pain
Press: ? - help, Shift-Dir - straight line, f/p - gnoll
Aim: a gnoll, wielding a club (almost dead, chance to defeat MR: 87%)
The gnoll writhes in agony!
You kill the gnoll!
Casting: Pain
Confirm with . or Enter, or press ? or * to list all spells.
You call on the dead to rise...
The dead are walking!
The gnoll hits you with a flail!
You die...

#......##
##.#.## . .
#.......# #.#.#
.# .. #....>..#
##.#.## .# .#
#.......###
#.###.#
###.#..#
#..>.####
##.#.## #.....#
#....# #
#.#.###.....#
#...#
#.#...........#
....
#.............#
####@.........#
#.g...#####.#
#.###.# #
####Z# #.#
#.)Z.# #.#
.......### #..
..(.##. ... ...
.. .... . ...
...


You could see a gnoll and 2 friendly gnoll zombies.

Vanquished Creatures
  Grinder (D:3)
  An orc wizard (D:3)
  Jessica (D:2)
  A worker ant (D:3)
  3 gnolls (D:4)
  5 adders
  An ooze (D:1)
  6 worms
  3 dart slugs
  3 leopard geckos (D:2)
  4 orcs (D:3)
  4 bats
  8 goblins
  6 hobgoblins
  4 jackals
  7 kobolds
  A ball python (D:2)
  4 frilled lizards
  7 rats
70 creatures vanquished.

Vanquished Creatures (collateral kills)
  A bat (D:3)
  A goblin (D:2)
  3 jackals
  A rat (D:3)
6 creatures vanquished.

Grand Total: 76 creatures vanquished

Notes
Turn   | Place    | Note
-------+----------+-------------------------------------------
     0 | D:1      | Gorglomux the Mummy Necromancer began the quest for the Orb.
     0 | D:1      | Reached XP level 1. HP: 13/13 MP: 4/4
    81 | D:1      | Learned a level 1 spell: Animate Skeleton
   161 | D:1      | Reached skill level 3 in Spellcasting
   244 | D:1      | Reached XP level 2. HP: 9/19 MP: 0/6
  1243 | D:2      | Reached XP level 3. HP: 24/24 MP: 4/8
  1248 | D:2      | Learned a level 3 spell: Vampiric Draining
  1265 | D:2      | Noticed Jessica
  1268 | D:2      | Killed Jessica
  1428 | D:2      | Reached XP level 4. HP: 30/30 MP: 3/10
  1909 | D:2      | Learned a level 4 spell: Animate Dead
  1987 | D:3      | Noticed Grinder
  2329 | D:3      | Paralysed by Grinder for 7 turns
  2346 | D:3      | Killed Grinder
  2346 | D:3      | Reached skill level 6 in Necromancy
  2346 | D:3      | Reached XP level 5. HP: 15/35 MP: 11/13
  2346 | D:3      | Reached XP level 6. HP: 18/41 MP: 11/14
  2708 | D:3      | Reached skill level 6 in Spellcasting
  3153 | D:4      | Learned a level 4 spell: Control Undead
  3192 | D:4      | Found a snail-covered altar of Cheibriados.
  3265 | D:4      | Slain by a gnoll

Vault maps used:
D:1:      elethiomel_arrival_infinity_welcomes_careful_drivers
D:2:      uniq_jessica
D:3:      first_bread, uniq_grinder
D:4:      cheibriados_altar_1, roderic_roman_lattice

Skill      XL: |  1  2  3  4  5  6 |
---------------+-------------------+-----
Spellcasting   | 3 4 5 6 |  6.4
Necromancy     | 6 |  6.3
Dodging        | |  1.5
Stealth        | |  1.5

Action                   |  1- 3 |  4- 6 || total
-------------------------+-------+-------++-------
Melee: Unarmed           |     3 |       ||     3
       Club              |    29 |       ||    29
       Hand axe          |     1 |       ||     1
       Short sword       |       |    62 ||    62
 Cast: Pain              |    51 |    66 ||   117
       Animate Skeleton  |     8 |     8 ||    16
       Animate Dead      |       |    10 ||    10
       Vampiric Draining |       |     1 ||     1
Evoke: Wand              |       |     2 ||     2
  Use: Scroll            |       |     8 ||     8
 Stab: Sleeping          |       |     1 ||     1
Armor: Robe              |    14 |    13 ||    27
Dodge: Dodged            |    29 |    48 ||    77
